Map: Protocollo centrale

Players

Cross - Winner!

  • Race: Zerg Zerg
  • League: Silver

Jhyrachy

  • Race: Zerg Zerg
  • League: Silver

VOD

Have the link to the VOD?

Description

Time

  • Played on: Jan. 10, 2016, 8:33 a.m.
  • Length: 8:35
Show
View Real Time Build Order
Export as new Build Order

Cross Zerg - Winner!

Build Orders: Hatch First, Lurkers 

Get SALT Encoding   

  12  0:02  Drone  
  13  0:13  Overlord  
  13  0:21  Drone  
  14  0:31  Drone x2  
  16  0:35  Drone  
  17  0:55  Hatchery  
  16  1:03  Drone  
  17  1:05  Drone  
  17  1:08  Extractor  
  17  1:10  Drone  
  18  1:20  Spawning Pool  
  18  1:23  Drone  
  18  1:31  Drone  
  19  1:39  Overlord  
  19  1:51  Drone  
  20  2:07  Queen x2  
  24  2:09  Metabolic Boost  
  24  2:16  Drone  
  24  2:20  Zergling x2  
  26  2:24  Zergling x2  
  27  2:34  Zergling x2  
  27  2:35  Zergling x6  
  31  2:53  Zergling x6  
  31  2:55  Overlord  
  34  3:23  Drone x2  
  34  3:24  Drone x8  
  34  3:26  Extractor  
  43  3:31  Overlord  
  42  3:59  Lair  
  42  4:07  Zergling x2  
  42  4:08  Zergling x16  
  51  4:14  Overlord  
  43  5:06  Hydralisk Den  
  42  5:13  Drone x4  
  42  5:14  Drone x4  
  49  5:15  Overlord  
  42  5:39  Lurker Den  
  42  5:41  Hydralisk x2  
  42  5:42  Hydralisk  
  48  5:48  Zergling x4  
  48  5:49  Extractor, Zergling x8  
  53  5:54  Overlord  
  52  6:21  Zergling x16  
  60  6:43  Hydralisk x3  
  60  6:44  Hydralisk  
  67  7:13  Lurker  
  67  7:14  Lurker x3  
  71  7:39  Lurker x2  
  71  7:41  Lurker  
  74  7:54  Hydralisk  
  66  8:18  Zergling x18  
Show
View Real Time Build Order
Export as new Build Order

Jhyrachy Zerg 

Build Orders: Hatch First 

Get SALT Encoding   

  12  0:01  Drone  
  13  0:10  Drone  
  14  0:19  Overlord  
  14  0:37  Drone x3  
  17  0:58  Drone  
  17  0:59  Hatchery  
  17  1:04  Extractor  
  16  1:06  Drone  
  17  1:18  Spawning Pool  
  16  1:31  Drone  
  16  1:32  Drone  
  18  1:33  Overlord  
  18  1:44  Drone  
  19  2:05  Queen  
  21  2:10  Zergling x4  
  21  2:12  Metabolic Boost  
  21  2:14  Queen  
  25  2:18  Zergling x2  
  25  2:19  Zergling x2  
  27  2:26  Overlord  
  26  3:19  Baneling Nest  
  25  3:24  Roach Warren  
  24  3:32  Queen  
  26  4:00  Zergling x8  
  26  4:01  Zergling x2  
  28  4:21  Baneling x3  
  28  4:23  Baneling  
  18  4:42  Queen  
  18  4:43  Zergling x2  
  18  4:44  Zergling x24  
  32  4:47  Queen  
  34  4:59  Roach  
  37  5:00  Roach  
  37  5:09  Baneling x5  
  34  5:58  Zergling x2  
  34  5:59  Zergling x10  
  42  6:11  Roach  
  42  6:24  Overlord  
  42  6:25  Overlord  
  42  6:28  Overlord x2  
  42  6:52  Roach x7  
  42  6:53  Roach  
Tags
 
Add a new tag
Caveats
  • Supply blocks, unpowered buildings, or Contaminate may cause inaccurate times.
  • Supply counts are checked every 10 seconds.